 Dungeon Crawl Stone Soup version 0.27.0-1-g7a089689b8 (webtiles) character file.

Game seed: 15064941474787315318

18013 nxtlvl the Archer (level 12, -8/63 HPs)
             Began as a Deep Elf Monk on Aug 7, 2021.
             Was a High Priest of Hepliaklqana.
             Mangled by a dream sheep (23 damage)
             ... on level 4 of the Lair of Beasts on Aug 8, 2021.
             The game lasted 02:46:23 (8631 turns).

nxtlvl the Archer (Deep Elf Monk)                   Turns: 8631, Time: 02:46:24

Health: -8/63      AC:  9    Str:  8    XL:     12   Next: 24%
Magic:  19/19      EV: 22    Int: 17    God:    Hepliaklqana [*****.]
Gold:   756        SH:  0    Dex: 27    Spells: 11/11 levels left

rFire    . . .     SeeInvis .   b - +4 longbow (vorpal)
rCold    . . .     Faith    .   (shield currently unavailable)
rNeg     . . .     Spirit   .   c - +0 troll leather armour
rPois    .         Reflect  .   e - +1 helmet
rElec    .         Harm     .   (no cloak)
rCorr    .         Rampage  .   (no gloves)
Will     ++...                  d - +2 pair of boots
Stlth    +++.......             (no amulet)
HPRegen  1.20/turn              o - +6 ring of dexterity
MPRegen  0.16/turn              p - ring of willpower

@: sleeping
A: reduced essence, MP-powered wands
a: Renounce Religion, Recall Ancestor, Ancestor Identity, Transference, Idealise


You were on level 4 of the Lair of Beasts.
You worshipped Hepliaklqana.
Hepliaklqana was extremely pleased with you.
You visited 3 branches of the dungeon, and saw 16 of its levels.
You also visited: Sewer, Ossuary and Gauntlet.

You collected 756 gold pieces.

Inventory:

Hand Weapons
 a - a +1 great sword of protection
 b - a +4 vorpal longbow (weapon)
 W - a +0 rapier
Missiles
 q - 168 arrows (quivered ammo)
 y - a curare-tipped dart
 Q - 12 poisoned darts
Armour
 c - a +0 troll leather armour (worn)
 d - a +2 pair of boots (worn)
 e - a +1 helmet (worn)
 f - a +2 ring mail of positive energy
 k - the +0 pair of boots of the Vanishing People {rC++ Will+}
   (You found it in a Gauntlet)

   rC:        It greatly protects you from cold.
   Will:      It increases your willpower.
 w - a +2 ring mail of cold resistance
 X - a +2 pair of gloves of stealth
Magical Staves
 v - a staff of cold
Jewellery
 l - a ring of flight
 o - a +6 ring of dexterity (left hand)
 p - a ring of willpower (right hand)
 L - a +6 ring of dexterity
 O - a ring of ice
 P - a ring of magical power
 Z - the amulet of Kuklifat {Regen+ Stlth+}
   (You found it in a Gauntlet)

   [amulet of regeneration]

   Regen:     It increases your rate of health regeneration.
   Stlth:     It makes you more stealthy.
Wands
 g - a wand of iceblast (26)
 x - a wand of polymorph (28)
 E - a wand of paralysis (1)
 I - a wand of charming (8)
 K - a wand of flame (11)
 M - a wand of mindburst (15)
 R - a wand of digging (4)
Scrolls
 i - 3 scrolls of enchant armour
 j - 2 scrolls of amnesia
 m - a scroll of immolation
 n - 6 scrolls of vulnerability {unknown}
 s - 3 scrolls of fear
 t - 2 scrolls of summoning
 u - 4 scrolls of teleportation
 N - a scroll of silence
 V - a scroll of brand weapon
 Y - a scroll of holy word
Potions
 r - 2 potions of cancellation
 z - 2 potions of mutation
 A - a potion of brilliance
 B - 3 potions of curing
 C - 2 potions of might
 D - 3 potions of magic {unknown}
 F - a potion of flight
 G - 4 potions of haste
Miscellaneous
 T - a phantom mirror


   Skills:
 + Level 6.8 Fighting
 * Level 9.5 Long Blades
 + Level 14.0 Bows
 + Level 11.8 Dodging
 - Level 2.4 Stealth
 - Level 7.0 Invocations


You had 11 spell levels left.
You didn't know any spells.
Your spell library contained the following spells:

 Spells                   Type           Power      Damage    Failure   Level
 Static Discharge         Conj/Air       0%         N/A       45%         2
 Conjure Flame            Conj/Fire      0%         6-21      71%         3
 Gell's Gravitas          Tloc           0%         N/A       71%         3
 Ignite Poison            Fire/Tmut/Pois 0%         N/A       71%         3
 Lesser Beckoning         Tloc           0%         N/A       71%         3
 Ozocubu's Armour         Ice            0%         N/A       71%         3
 Stone Arrow              Conj/Erth      0%         3d7       71%         3
 Teleport Other           Tloc           0%         N/A       71%         3
 Animate Armour           Summ/Erth      0%         N/A       98%         4
 Dispel Undead            Necr           0%         3d6       98%         4
 Sticky Flame             Conj/Fire      0%         2d3       98%         4
 Metabolic Englaciation   Hex/Ice        0%         N/A       100%        5
 Simulacrum               Ice/Necr       0%         N/A       100%        6
 Lehudib's Crystal Spear  Conj/Erth      0%         10d2      100%        8


Dungeon Overview and Level Annotations

Branches:
Dungeon (11/15)            Temple (1/1) D:4            Lair (4/6) D:11
 Spider (0/4) Lair:2          Orc (0/2) D:9           Sewer (visited)
Ossuary (visited)         Gauntlet (visited)
  Swamp: Lair:2-4    Shoals: Lair:2-4

Altars:
Ashenzari
Cheibriados
Elyvilon
Fedhas
Gozag
Hepliaklqana
Kikubaaqudgha
Makhleb
Okawaru
Qazlal
Sif Muna
Trog
Wu Jian
Xom
Yredelemnul
Zin
The Shining One

Annotations:
D:3 exclusion: downstairs
D:4 exclusion: downstairs
D:6 exclusions: downstairs and upstairs
D:7 exclusion: downstairs
D:9 exclusion: downstairs
D:10 exclusion: downstairs
Lair:3 1 runed translucent door, Foabaekk's ghost, journeyman GrMo
Lair:4 1 transporter, exclusion: 3 oklob plants, suduhmizer's ghost, journeyman MiBe


Innate Abilities, Weirdness & Mutations

Your life essence is reduced to manifest your ancestor. (-10% HP)
You expend magic power (3 MP) to strengthen your wands.


Message History

The dream sheep dies!
Tlaloc closely misses the dream sheep.
The dream sheep bites you but does no damage.
Tlaloc closely misses the dream sheep.
The dream sheep bites you!
You wake up.
* * * LOW HITPOINT WARNING * * *
Fire: 170 arrows
Press: ? - help, Q - select action, (/) - cycle Shift-Dir - straight line, f - dream sheep, p - dream sheep
Aim: a dream sheep (74% to hit)
You shoot an arrow.
The arrow completely misses the dream sheep.
The arrow hits the dream sheep.
The dream sheep is lightly wounded.
Tlaloc gestures at the dream sheep while chanting.
The dream sheep resists with some effort.
The dream sheep bites you but does no damage.
Fire: 169 arrows
Press: ? - help, Q - select action, (/) - cycle Shift-Dir - straight line, f/p - dream sheep
Aim: a dream sheep (lightly wounded, 74% to hit)
You shoot an arrow. The arrow hits the dream sheep!
The dream sheep is moderately wounded.
Tlaloc completely misses the dream sheep.
The dream sheep bites you but does no damage.
Unknown command.
Unknown command.
It was a potion of curing.
You feel better.
Tlaloc points at the dream sheep and mumbles some strange words.
The dream sheep seems to slow down.
The dream sheep bites you.
* * * LOW HITPOINT WARNING * * *
Your magical effects are unravelling.
You feel magically purged.
You feel less wooden.
Your +1 helmet unmelds from your body.
Your +2 pair of boots unmelds from your body.
Your +0 troll leather armour unmelds from your body.
Tlaloc hits the dream sheep with a +0 dagger of draining!
Tlaloc drains the dream sheep.
The dream sheep barely misses you.
The dream sheep shake their wool and sparkle.
You feel drowsy...
You fall asleep.
The dream sheep bites you!!
You die...

#..........#####
##.÷...#####.#
#####.....##.©.##)#
#.##.....##.###.##.#
##(((....##≈...≈..##.#
#..(.†#.##8.......8##.
#$#(..#.##≈≈#$###.#..##
#.(..#R##...$##W..$...
#.(#..Y@#.#≈.##.)(#
#.((#..YY#©#..#}! .(#
##?..#.#.$##$ Y..
###.##....# .#.##.≈#. #
.. #P≈. ## #.. #.


You could see the friendly Tlaloc the hexer, an oklob plant and 3 dream sheep.

Vanquished Creatures
  2 hydras
  A torpor snail (Gauntlet)
  A rime drake (Lair:2)
  2 cane toads
  A troll (D:10)
  8 blink frogs
  A dream sheep (Lair:4)
  2 shadows
  A wraith (D:9)
  A wyvern (D:11)
  A basilisk (D:9)
  14 yaks
  A steam dragon (D:9)
  6 water moccasins
  2 orc warriors
  An ice beast (D:5)
  3 necrophages
  2 black bears (D:11)
  5 wolves
  6 centaurs
  A phantom (D:4)
  Blork the orc (D:5)
  8 bullfrogs
  A water moccasin skeleton (D:5)
  5 killer bees
  6 wights (D:5)
  A howler monkey (D:10)
  An electric eel (Lair:2)
  A bullfrog zombie (D:6)
  3 centaur zombies
  2 hounds (D:5)
  2 bullfrog skeletons (D:7)
  2 iguanas
  3 orc wizards
  A mummy (Ossuary)
  2 gnolls (D:8)
  3 adders
  2 adder zombies (Ossuary)
  11 orcs
  2 giant cockroaches
  3 goblins
  4 hobgoblins
  4 jackals
  3 quokkas
  A ball python (D:2)
  A bat (D:3)
  4 hobgoblin zombies (Ossuary)
  A jackal zombie (Ossuary)
  5 kobolds
  2 kobold zombies (Ossuary)
  3 orc zombies (Ossuary)
  6 rats
  A rat zombie (Ossuary)
157 creatures vanquished.

Vanquished Creatures (collateral kills)
  A hydra (Lair:4)
  A komodo dragon (Lair:4)
  2 blink frogs (Lair:2)
  A dream sheep (Lair:4)
  7 yaks
  2 vampires (D:9)
  Eustachio (D:5)
  A basilisk (Lair:4)
  6 water moccasins
  An ice beast (D:5)
  3 orc warriors
  2 sky beasts (D:7)
  2 necrophages
  4 centaurs
  3 wolves
  A phantom (D:4)
  3 kobold brigands (Sewer)
  2 bullfrogs
  A scorpion (D:11)
  10 killer bees
  3 wights
  2 centaur zombies (Ossuary)
  2 hounds
  2 centaur skeletons
  An orc priest (D:7)
  A jelly (D:7)
  An iguana (D:5)
  A bullfrog skeleton (D:7)
  7 orc wizards
  A hound zombie (D:5)
  2 hound skeletons
  2 mummies
  A howler monkey zombie (D:11)
  2 gnolls (D:8)
  A howler monkey skeleton (D:5)
  8 adders
  2 river rats
  An adder zombie (Ossuary)
  2 worms
  9 orcs
  A jackal (D:5)
  3 kobolds (Sewer)
  A quokka (D:5)
  3 ball pythons
  A frilled lizard (D:3)
  7 hobgoblin zombies (Ossuary)
  A jackal zombie (Ossuary)
  5 kobold zombies (Ossuary)
  6 orc zombies (Ossuary)
  2 rats
135 creatures vanquished.

Vanquished Creatures (others)
  6 hexers
  40 fungi
  55 plants
101 creatures vanquished.

Grand Total: 393 creatures vanquished

Notes
Turn   | Place    | Note
-------+----------+-------------------------------------------
     0 | D:1      | nxtlvl the Deep Elf Monk began the quest for the Orb.
     0 | D:1      | Reached XP level 1. HP: 13/13 MP: 3/3
   230 | D:4      | Noticed a wight
   230 | D:4      | Noticed a wight
   317 | D:3      | Noticed an orc priest
   317 | D:3      | Noticed an orc priest
   354 | D:3      | Reached XP level 2. HP: 18/18 MP: 4/4
   545 | D:4      | Noticed a necrophage
   554 | D:4      | Killed a necrophage
   555 | D:4      | Reached XP level 3. HP: 12/22 MP: 5/5
   555 | D:4      | Reached XP level 4. HP: 15/27 MP: 6/6
   571 | D:4      | Reached skill level 5 in Long Blades
   572 | D:4      | Found a staircase to the Ecumenical Temple.
   581 | D:4      | Noticed a phantom
   582 | Temple   | Entered the Ecumenical Temple
   647 | Temple   | Became a worshipper of Hepliaklqana the Forgotten
   647 | Temple   | Reached * piety under Hepliaklqana
   647 | Temple   | Reached ** piety under Hepliaklqana
   648 | Temple   | Remembered your ancestor Tlaloc as a hexer
   941 | D:4      | Reached XP level 5. HP: 27/27 MP: 7/7
   999 | D:5      | Entered Level 5 of the Dungeon
  1001 | D:5      | Noticed a necrophage
  1014 | D:5      | Killed a necrophage
  1048 | D:5      | Noticed a necrophage
  1076 | D:5      | Killed a necrophage
  1077 | D:5      | Reached XP level 6. HP: 32/32 MP: 8/8
  1183 | D:5      | Found a glowing drain.
  1187 | Sewer    | Entered a sewer
  1487 | Sewer    | Reached XP level 7. HP: 36/36 MP: 9/9
  1556 | Sewer    | Reached skill level 5 in Dodging
  1905 | D:6      | Reached skill level 1 in Bows
  2029 | D:6      | Reached skill level 2 in Bows
  2092 | D:6      | Reached skill level 3 in Bows
  2116 | D:6      | Found a sand-covered staircase.
  2129 | Ossuary  | Entered an ossuary
  2241 | Ossuary  | Reached skill level 4 in Bows
  2283 | Ossuary  | Reached XP level 8. HP: 35/41 MP: 10/10
  2306 | Ossuary  | Reached skill level 5 in Bows
  2469 | D:5      | Gained mutation: You expend magic power (3 MP) to
                  | strengthen your wands. [potion of mutation]
  2513 | D:5      | Reached skill level 6 in Bows
  2592 | D:6      | Reached *** piety under Hepliaklqana
  2832 | D:5      | Reached skill level 7 in Bows
  2842 | D:5      | Noticed Eustachio
  2958 | D:4      | Found a bloodstained altar of Trog.
  3054 | D:5      | Reached skill level 8 in Bows
  3222 | D:5      | Reached skill level 9 in Bows
  3222 | D:5      | Reached XP level 9. HP: 42/45 MP: 8/11
  3230 | D:5      | Noticed Blork the orc
  3235 | D:5      | Killed Blork the orc
  3241 | D:5      | Killed Eustachio
  3387 | D:5      | Reached skill level 10 in Bows
  3530 | D:5      | Found a glowing golden altar of the Shining One.
  4046 | D:8      | Reached **** piety under Hepliaklqana
  4073 | D:8      | Found an opulent altar of Gozag.
  4216 | D:8      | Reached skill level 11 in Bows
  4797 | D:7      | Reached skill level 1 in Invocations
  4953 | D:7      | Noticed a boulder beetle
  5032 | D:7      | Reached XP level 10. HP: 49/50 MP: 13/13
  5072 | D:7      | Reached skill level 12 in Bows
  5688 | D:9      | Reached skill level 10 in Dodging
  5950 | D:9      | Found a staircase to the Orcish Mines.
  6086 | D:9      | Reached ***** piety under Hepliaklqana
  6131 | D:10     | Entered Level 10 of the Dungeon
  6357 | D:10     | Reached skill level 5 in Fighting
  6872 | D:11     | Reached skill level 5 in Invocations
  6872 | D:11     | Reached XP level 11. HP: 46/57 MP: 16/16
  7023 | D:11     | Reached skill level 13 in Bows
  7065 | D:11     | Found a staircase to the Lair.
  7117 | Lair:1   | Entered Level 1 of the Lair of Beasts
  7611 | Lair:2   | Found a hole to the Spider Nest.
  7770 | Lair:3   | Found a runed translucent door.
  7771 | Lair:3   | Identified the +4 trident "Utiosiv" {freeze, Fly Will++
                  | Int-2}
  7771 | Lair:3   | Noticed a spriggan rider
  7772 | Lair:3   | Noticed a spriggan rider
  7773 | Lair:3   | Noticed Foabaekk's ghost (journeyman GrMo)
  7920 | Lair:3   | Noticed a four-headed hydra
  7931 | Lair:3   | Killed a four-headed hydra
  7981 | Lair:3   | Noticed an eight-headed hydra
  8191 | Lair:4   | Noticed a six-headed hydra
  8200 | Lair:4   | Killed a six-headed hydra
  8208 | Lair:4   | Noticed an oklob plant
  8208 | Lair:4   | Noticed an oklob plant
  8251 | Lair:4   | Found a transporter.
  8251 | Lair:4   | Noticed suduhmizer's ghost (journeyman MiBe)
  8257 | Lair:4   | Found a gate leading to a gauntlet.
  8265 | Lair:4   | Noticed a seven-headed hydra
  8281 | Lair:4   | Killed a seven-headed hydra
  8282 | Lair:4   | Reached XP level 12. HP: 63/63 MP: 19/19
  8291 | Gauntlet | Entered a Gauntlet
  8291 | Gauntlet | Found a runed translucent door.
  8291 | Gauntlet | Found a transporter.
  8291 | Gauntlet | Found a runed translucent door.
  8291 | Gauntlet | Found a transporter.
  8291 | Gauntlet | Found a transporter.
  8293 | Gauntlet | Found a transporter.
  8293 | Gauntlet | Found a transporter.
  8296 | Gauntlet | Found a transporter.
  8305 | Gauntlet | Found a transporter.
  8305 | Gauntlet | Found a transporter.
  8306 | Gauntlet | Found a transporter.
  8308 | Gauntlet | Found a transporter.
  8318 | Gauntlet | Found a transporter.
  8318 | Gauntlet | Found a transporter.
  8322 | Gauntlet | Noticed a quicksilver ooze
  8483 | Gauntlet | Identified the amulet of Kuklifat {Regen+ Stlth+}
  8512 | Gauntlet | Noticed a minotaur
  8530 | Gauntlet | Identified the +0 pair of boots of the Vanishing People
                  | {rC++ Will+}
  8602 | Lair:4   | Reached skill level 14 in Bows
  8612 | Lair:4   | HP: 2/94 [yak (9)]
  8631 | Lair:4   | Mangled by a dream sheep

Illustrated notes

Levels and vault maps discovered:
D:1:      dpeg_arrival_long_road, layout_rooms, shapermc_ecumenical_altar_venn
D:2:      layout_basic, minmay_crystal_room, guppyfry_early_lair_pool
D:3:      kb_forest_paths, layout_loops_corners, minmay_cut_off
D:4:      layout_cave_pools, nicolae_uskayaw_murder_on_the_dancefloor,
          nicolae_overflow_hidden_temple, minmay_temple_entry_large_hall,
          corexii_hall_statues_i
D:5:      layout_cave_pools, general_overflow_altar, gup_sewer_entry_bowl,
          hangedman_decor_diamond_cutter, sword_in_stone, uniq_blork_the_orc
D:6:      layout_loops_corners, gup_ossuary_entry_pyramid
D:7:      kennysheep_windowed_halls, layout_gridville, minmay_manual_monstrance
D:8:      layout_loops_ring, nicolae_gozag_cash_rules_everything_around_me
D:9:      layout_stronghold, orc_0_dummy
D:10:     layout_basic
D:11:     layout_loops_cross, due_lair_maze_entry_diamond
Temple:   dpeg_five_rooms_temple
Lair:1:   layout_cave_shapes, serial_bayou_lake_a
Lair:2:   layout_chaotic_city, dummy_spider_entry, serial_bayou_shore_a,
          grunt_megastairs_5, infiniplex_staircase_pool_2, lemuel_fruit_fields
Lair:3:   layout_small_grid, palyth_hydra_swamp_entry,
          ebering_ghost_funeral_grove
Lair:4:   layout_cave_pods, gauntlet_entry_generic, nzn_ghost_randoct,
          serial_bayou_shore_b, minmay_lair_oklob_chamber

Skill      XL: |  1  2  3  4  5  6  7  8  9 10 11 12 |
---------------+-------------------------------------+-----
Long Blades    | 3 4 5 6 7 9 |  9.5
Dodging        | 4 6 7 9 10 11 | 11.8
Fighting       | 3 4 5 6 |  6.8
Bows           | 4 9 11 12 13 14 | 14.0
Invocations    | 2 5 6 7 |  7.0
Stealth        | |  2.4

Action                   |  1- 3 |  4- 6 |  7- 9 | 10-12 || total
-------------------------+-------+-------+-------+-------++-------
Melee: Falchion          |    32 |    21 |   131 |       ||   184
       Long sword        |       |       |    44 |   124 ||   168
       Great sword       |       |       |       |    54 ||    54
 Fire: Hunting sling     |     8 |    46 |       |       ||    54
       Longbow           |       |       |   139 |   240 ||   379
Throw: Dart              |       |       |     5 |     1 ||     6
       Throwing net      |       |       |       |     1 ||     1
Invok: Ancestor Life: He |       |     1 |       |       ||     1
       Recall Ancestor   |       |       |     5 |    12 ||    17
       Idealise          |       |       |       |     2 ||     2
Evoke: Wand              |     9 |       |     8 |    10 ||    27
  Use: Scroll            |       |       |     9 |    19 ||    28
       Potion            |       |       |     2 |     6 ||     8
 Stab: Sleeping          |     2 |     1 |     1 |       ||     4
       Paralysed         |       |       |    10 |     9 ||    19
       Distracted        |       |       |     2 |     8 ||    10
       Confused          |       |       |     5 |     3 ||     8
Armor: Robe              |     5 |       |       |       ||     5
       Ring mail         |     3 |     2 |    74 |     7 ||    86
       Troll leather arm |       |       |       |    36 ||    36
       Skin              |       |       |       |    17 ||    17
Dodge: Dodged            |    24 |    14 |   139 |   246 ||   423
       Rpst.: Falchion   |     9 |     3 |    14 |       ||    26
       Long sword        |       |       |    10 |    29 ||    39
       Great sword       |       |       |       |    19 ||    19
